 Dungeon Crawl Stone Soup version 0.28-a0-779-g3d1f99b579 (webtiles) character file.

Game seed: 4825003413543143418

4 mrcurls the Chiller (level 1, -3/7 HPs)
             Began as a Felid Ice Elementalist on Nov 2, 2021.
             Slain by a kobold (4 damage)
             ... on level 1 of the Dungeon.
             The game lasted 00:02:30 (172 turns).

mrcurls the Chiller (Felid Ice Elementalist)         Turns: 172, Time: 00:02:31

Health: -3/7       AC:  1    Str:  4    XL:     1   Next: 50%
Magic:  4/4        EV: 17    Int: 16    God:
Gold:   0          SH:  0    Dex: 16    Spells: 3/4 levels left
                                        Lives:  0   Deaths: 0

rFire   . . .      SeeInvis +   (weapon unavailable)
rCold   . . .      Faith    .   (shield unavailable)
rNeg    . . .      Spirit   .   (armour unavailable)
rPois   .          Reflect  .   (helmet unavailable)
rElec   .          Harm     .   (cloak unavailable)
rCorr   .          Rampage  .   (gloves unavailable)
Will    .....                   (boots unavailable)
Stlth   ++........              (no amulet)
HPRegen 0.02/turn               (no ring)
MPRegen 0.09/turn               (no ring)

@: quick
A: very small, claws 1, fangs 3, see invisible, speed 1, shaggy fur 1, stealthy
paws, no weapons or thrown items, no armour, multi-lived
a: no special abilities


You were on level 1 of the Dungeon.
You visited 1 branch of the dungeon, and saw 1 of its levels.

Inventory:

Jewellery
 a - a +6 ring of strength


   Skills:
 * Level 2.9 Dodging
 + Level 2.7 Stealth
 + Level 2.0 Spellcasting
 + Level 3.7 Ice Magic


You had 3 spell levels left.
You knew the following spells:

 Your Spells              Type           Power      Damage    Failure   Level
a - Freeze                Ice            52%        1d7       4%          1

Your spell library contained the following spells:

 Spells                   Type           Power      Damage    Failure   Level
 Frozen Ramparts          Ice            26%        1d4       14%         3
 Ozocubu's Armour         Ice            13%        N/A       14%         3
 Hailstorm                Conj/Ice       7%         3d4       67%         4


Dungeon Overview and Level Annotations

Branches:
Dungeon (1/15)

Altars:


Innate Abilities, Weirdness & Mutations

You have sharp claws.
You have razor-sharp teeth.
You have supernaturally acute eyesight. (SInv)
You cover ground quickly. (Speed+)
You are covered in fur. (AC +1)
Your paws help you pounce on unaware monsters.
You are incapable of wielding weapons or throwing items.
You cannot wear armour.
You gain extra lives every three experience levels.


Message History

You see here 27 arrows.
There is a staircase leading out of the dungeon here.
There is a staircase leading out of the dungeon here.
You see here 27 arrows.
A kobold comes into view. It is wielding a +0 dagger.
The kobold shouts!
The kobold hits you with a +0 dagger.
You closely miss the kobold. The kobold hits you with a +0 dagger.
You scratch the kobold but do no damage.
The kobold barely misses you.
You scratch the kobold.
The kobold is moderately wounded.
The kobold closely misses you.
You scratch the kobold.
You kill the kobold!
Things that are here:
a +0 dagger; a kobold corpse
Things that are here:
a +0 dagger; a kobold corpse You open the door.
An endoplasm, a hobgoblin and a kobold come into view.
A kobold comes into view. It is wielding a +0 club.
Found a hand axe.
The kobold shouts!
The hobgoblin shouts!
The endoplasm quivers.
There is an open door here.
You completely miss the kobold. The kobold barely misses you.
You closely miss the kobold. The hobgoblin misses you.
The kobold hits you with a +0 club.
* * * LOW HITPOINT WARNING * * *
An endoplasm comes into view.
You completely miss the kobold. The hobgoblin completely misses you.
The kobold closely misses you.
You barely miss the kobold. The hobgoblin closely misses you.
The kobold barely misses you.
You barely miss the kobold. The hobgoblin misses you. The kobold misses you.
You barely miss the kobold. The hobgoblin misses you.
The kobold hits you with a +0 club.
Ouch! That really hurt!
You die...

##
###.####..#.#.......
..# #.........+
##.####.
#.#.##)####.## #. #.
#.# #.# #.## #. ..
#.##.##.# ## #.#.#.#
.#####...#
........## #######@#
#KgJ..... #J.......
.K....#.. ........
#.......## #......##
#....)..


You could see 2 endoplasms, a hobgoblin and 2 kobolds.

Vanquished Creatures
  An endoplasm (D:1)
  A giant cockroach (D:1)
  A frilled lizard (D:1)
  A kobold (D:1)
4 creatures vanquished.

Notes
Turn   | Place    | Note
-------+----------+-------------------------------------------
     0 | D:1      | mrcurls the Felid Ice Elementalist began the quest for the
                  | Orb.
     0 | D:1      | Reached XP level 1. HP: 7/7 MP: 4/4
   172 | D:1      | Slain by a kobold

Illustrated notes

Levels and vault maps discovered:
D:1:      roderic_octagonal_star, layout_rooms,
          chequers_ecumenical_altar_simple, serial_shops, shop

Action                   || total
-------------------------++-------
Melee: Unarmed           ||    18
       Bite              ||     1
 Stab: Sleeping          ||     1
Armor: Skin              ||     1
Dodge: Dodged            ||    19

Table legend: (Time is in decaauts)
 A = Elapsed time spent in this place.
 B = Non-inter-level travel time spent in this place.
 C = Inter-level travel time spent in this place.
 D = Time resting spent in this place.
 E = Time spent auto-exploring this place.
 F = Levels seen in this place.
 G = Mean time per level.
                   A        B        C        D        E       F      G
               +--------+--------+--------+--------+--------+-----+--------+
         Total |    141 |    141 |      0 |      0 |      0 |   1 |  141.0 |
       Dungeon |    141 |    141 |      0 |      0 |      0 |   1 |  141.0 |
               +--------+--------+--------+--------+--------+-----+--------+

Top non-repeatable levels by time:
     D:1: 141 daAuts
